 Dungeon Crawl Stone Soup version 0.28-a0-850-g09de17f5b5 (webtiles) character file.

Game seed: 6194496751281467525

58 spiderkeys the Ducker (level 3, -3/22 HPs)
             Began as a Deep Elf Abyssal Knight on Nov 14, 2021.
             Was a Follower of Lugonu.
             Slain by a gnoll (6 damage)
             ... on level 2 of the Dungeon.
             The game lasted 00:03:14 (2367 turns).

spiderkeys the Ducker (Deep Elf Abyssal Knight)     Turns: 2367, Time: 00:03:15

Health: -3/22      AC:  3    Str: 10    XL:     3   Next: 75%
Magic:  9/9        EV: 12    Int: 15    God:    Lugonu [*.....]
Gold:   215        SH:  0    Dex: 15    Spells: 7/7 levels left

rFire   . . .      SeeInvis .   g - +1 spear (freeze)
rCold   . . .      Faith    .   (no shield)
rNeg    . . .      Spirit   .   b - +0 leather armour
rPois   .          Reflect  .   (no helmet)
rElec   .          Harm     .   (no cloak)
rCorr   .          Rampage  .   (no gloves)
Will    .....                   (no boots)
Stlth   ++........              (no amulet)
HPRegen 0.07/turn               (no ring)
MPRegen 0.11/turn               (no ring)

@: no status effects
A: no striking features
a: Renounce Religion, Depart the Abyss


You were on level 2 of the Dungeon.
You worshipped Lugonu.
Lugonu was aware of your devotion.
You visited 1 branch of the dungeon, and saw 2 of its levels.
You visited the Abyss 1 time.

You collected 215 gold pieces.


   Skills:
 - Level 2.4 Fighting
 - Level 2.0 Short Blades
 - Level 0.7 Armour
 + Level 3.1 Dodging
 + Level 1.7 Stealth
 * Level 2.8 Spellcasting
 + Level 2.6 Invocations


You had 7 spell levels left.
You didn't know any spells.
Your spell library contained the following spells:

 Spells                   Type           Power      Damage    Failure   Level
 Leda's Liquefaction      Hex/Erth       1%         N/A       95%         4
 Lee's Rapid Deconstruct  Erth           1%         3d5*      100%        5
 Statue Form              Tmut/Erth      1%         N/A       100%        6

Inventory:

Hand Weapons
 a - a +1 short sword
 g - a +1 spear of freezing (weapon)
   (You found it on level 1 of the Dungeon)
Missiles
 d - 26 sling bullets
 e - 81 stones
 f - a throwing net {=f!f}
 k - 15 bolts
Armour
 b - a +0 leather armour (worn)
Scrolls
 l - a scroll of identify {unknown}
Potions
 i - a potion of brilliance {unknown}
 j - a potion of magic {unknown}

Dungeon Overview and Level Annotations

Branches:
Dungeon (2/15)

Altars:

#.. #.. .. #.g
.. #.# ... .
#.# .g#. #
#.####.##...#.
#
#..........##.
# #g# #.#### #
#.# #g@..# #
#g# ####.# ##
#.### #.#
#####. #...#
#.# #.....
###.# #.#
#.###.
#####g#######.#
#.# ##
#...g.......#.#
#.####
#.###.#####.#.#
#.##.. #.# #.#
#.#.# #.#...


You could see a gnoll.


Message History

You take 3 damage, and now have 11/22 hp.
* * * LOW HITPOINT WARNING * * *
You feel sick.
You see here an adder corpse. 😨 HP[-2]
You take 2 damage, and now have 9/22 hp.
You start resting.
You feel sick.
* * * LOW HITPOINT WARNING * * *
You feel sick. x5
You are no longer poisoned.
A hobgoblin is nearby! 😱 HP[-7]
You take 7 damage, and now have 2/22 hp.
MASSIVE DAMAGE!! (PAUSE)
The hobgoblin shouts! 😱 MP[+1]
Your mp is fully restored (9).
The hobgoblin throws a stone.
The stone closely misses you.
It was a potion of attraction.
You feel attractive to monsters.
The hobgoblin throws a stone.
The stone barely misses you. The hobgoblin is attracted toward you.
It was a potion of heal wounds.
You feel much better. The hobgoblin hits you. 😮 HP[+13]
You regained 13 hp, and now have 15/22 hp.
You hit the hobgoblin but do no damage. The hobgoblin closely misses you.
You barely miss the hobgoblin. The hobgoblin closely misses you.
You closely miss the hobgoblin. The hobgoblin hits you. 😮 HP[-2]
You take 2 damage, and now have 13/22 hp.
You barely miss the hobgoblin. The hobgoblin barely misses you.
You hit the hobgoblin but do no damage. The hobgoblin misses you.
You hit the hobgoblin. You freeze the hobgoblin.
The hobgoblin barely misses you.
You hit the hobgoblin but do no damage. The hobgoblin hits you.
* * * LOW HITPOINT WARNING * * *
😨 HP[-2]
You take 2 damage, and now have 11/22 hp.
You closely miss the hobgoblin. The hobgoblin hits you.
* * * LOW HITPOINT WARNING * * *
😨 HP[-2]
You take 2 damage, and now have 9/22 hp.
You hit the hobgoblin but do no damage. The hobgoblin closely misses you.
You puncture the hobgoblin! You freeze the hobgoblin.
You kill the hobgoblin!
Lugonu accepts your kill.
e - 81 stones (gained 19)
You see here a hobgoblin corpse.
You start resting.
You feel less attractive to monsters.
A ball python comes into view. 😮 HP[+5]
You regained 5 hp, and now have 14/22 hp.
The ball python hisses angrily.
You see here 8 gold pieces.
A ball python is nearby!
You are too injured to fight recklessly!
You are too injured to fight recklessly!
You are too injured to fight recklessly!
You hit the ball python.
The ball python seems to slow down.
You freeze the ball python.
You kill the ball python!
Lugonu accepts your kill.
Key pressed, stopping explore.
Key pressed, stopping explore.
You now have 215 gold pieces (gained 8).
Key pressed, stopping explore.
Key pressed, stopping explore.
There is a stone staircase leading down here.
Key pressed, stopping explore. 😎 HP[+8]
Your hp is fully restored (22).
The gnoll shouts!
You hit the gnoll. You freeze the gnoll. The gnoll barely misses you.
You barely miss the gnoll. The gnoll closely misses you.
The gnoll barely misses you.
You barely miss the gnoll.
The gnoll hits you with a +0 halberd. 😕 HP[-1]
You take 1 damage, and now have 21/22 hp.
You barely miss the gnoll. The gnoll barely misses you. 😎 HP[+1]
Your hp is fully restored (22).
You hit the gnoll. You freeze the gnoll. The gnoll misses you.
You barely miss the gnoll.
The gnoll hits you with a +0 halberd. 😕 HP[-4]
You take 4 damage, and now have 18/22 hp.
You hit the gnoll. You freeze the gnoll.
The gnoll hits you with a +0 halberd. 😮 HP[-4]
You take 4 damage, and now have 14/22 hp.
You hit the gnoll but do no damage. You hit the gnoll but do no damage.
The gnoll hits you with a +0 halberd!
Ouch! That really hurt!
* * * LOW HITPOINT WARNING * * *
😱 HP[-11]
You take 11 damage, and now have 3/22 hp.
MASSIVE DAMAGE!! (PAUSE)
You closely miss the gnoll. The gnoll barely misses you.
You barely miss the gnoll. The gnoll closely misses you.
The gnoll hits you with a +0 halberd.
You die...

Skill      XL: |  1  2  3 |
---------------+----------+-----
Spellcasting   | 1 2 |  2.8
Stealth        | 1 |  1.7
Dodging        | 3 |  3.1
Fighting       | |  2.4
Short Blades   | |  2.0
Armour         | |  0.7
Invocations    | |  2.6

Action                   || total
-------------------------++-------
Melee: Short sword       ||    27
       Spear             ||    95
Invok: Depart the Abyss  ||     1
  Use: Scroll            ||     2
       Potion            ||     2
 Stab: Sleeping          ||     7
Armor: Leather armour    ||    23
Dodge: Dodged            ||    75

Levels and vault maps discovered:
D:1:      dpeg_arrival_tiny_i, layout_loops_corners,
          dreamdust_ecumenical_altar_angels_and_demons
D:2:      layout_loops_ring, serial_shops, shop

Notes
Turn   | Place    | Note
-------+----------+-------------------------------------------
     0 | Abyss:1  | spiderkeys the Deep Elf Abyssal Knight began the quest for
                  | the Orb.
     0 | Abyss:1  | Reached XP level 1. HP: 13/13 MP: 4/4
     0 | Abyss:1  | magus.rc [v1.9.10]
    50 | Abyss:1  | Noticed a raiju
    89 | Abyss:2  | You pick up a book of the Earth and begin reading...
    89 | Abyss:2  | You add the spells Leda's Liquefaction, Lee's Rapid
                  | Deconstruction and Statue Form to your library.
   126 | Abyss:2  | Noticed a small abomination
   127 | Abyss:2  | Noticed a shadow demon
   146 | Abyss:3  | Noticed an orc sorcerer
   148 | D:1      | You pass through the gate.
   148 | D:1      | Escaped the Abyss
   446 | D:1      | Found a faded altar of an unknown god.
   560 | D:1      | Reached skill level 1 in Spellcasting
   584 | D:1      | Reached * piety under Lugonu
   927 | D:1      | Reached XP level 2. HP: 18/18 MP: 5/5
  1057 | D:1      | Reached skill level 1 in Stealth
  1501 | D:1      | Reached skill level 2 in Spellcasting
  1648 | D:2      | Reached XP level 3. HP: 22/22 MP: 8/8
  1804 | D:1      | Reached skill level 3 in Dodging
  2083 | D:2      | HP: 5/22 [poisoned by an adder]
  2086 | D:2      | HP: 2/22 [poisoned by an adder]
  2365 | D:2      | HP: 3/22 [gnoll (11)]
  2367 | D:2      | Slain by a gnoll

Vanquished Creatures
  A gnoll (D:1)
  An adder (D:2)
  2 endoplasms
  4 goblins
  5 hobgoblins
  3 quokkas
  5 ball pythons
  4 bats
  2 frilled lizards (D:1)
  7 kobolds
  3 rats (D:1)
37 creatures vanquished.

Table legend:
 A = Non-vault XP
 B = Vault XP
 C = Vault XP percentage of total XP
 D = Non-vault monster count
 E = Vault monster count
 F = Vault count percentage of total count
                 A         B        C        D         E       F
            +---------+---------+-------+---------+---------+-------
      Total |      83 |       0 |   0.0 |      37 |       0 |   0.0
            +---------+---------+-------+---------+---------+-------
        D:1 |      55 |       0 |   0.0 |      27 |       0 |   0.0
        D:2 |      28 |       0 |   0.0 |      10 |       0 |   0.0
            +---------+---------+-------+---------+---------+-------

Illustrated notes

Table legend:
 A = Kills in this place as a percentage of kills in entire the game.
 B = Kills by you in this place as a percentage of kills by you in the entire game.
 C = Kills by friends in this place as a percentage of kills by friends in the entire game.
 D = Other kills in this place as a percentage of other kills in the entire game.
 E = Experience gained in this place as a percentage of experience gained in the entire game.
 F = Experience gained in this place divided by the number of levels of this place that you have seen.
                   A       B       C       D       E      F
               +-------+-------+-------+-------+-------+----------------------
         Total | 100.0 | 100.0 |   N/A |   N/A | 100.0 |  16.6
       Dungeon | 100.0 | 100.0 |   N/A |   N/A | 100.0 |  41.5
               +-------+-------+-------+-------+-------+----------------------

Table legend: (Time is in decaauts)
 A = Elapsed time spent in this place.
 B = Non-inter-level travel time spent in this place.
 C = Inter-level travel time spent in this place.
 D = Time resting spent in this place.
 E = Time spent auto-exploring this place.
 F = Levels seen in this place.
 G = Mean time per level.
                   A        B        C        D        E       F      G
               +--------+--------+--------+--------+--------+-----+--------+
         Total |   2376 |   2308 |     68 |    117 |   1794 |   5 |  475.2 |
       Dungeon |   2228 |   2160 |     68 |    117 |   1732 |   2 | 1114.0 |
         Abyss |    147 |    147 |      0 |      0 |     62 |   3 |   49.0 |
               +--------+--------+--------+--------+--------+-----+--------+

Top non-repeatable levels by time:
     D:1: 1590 daAuts
     D:2: 637 daAuts
 Abyss:2: 75 daAuts
 Abyss:1: 52 daAuts
 Abyss:3: 19 daAuts
